 Dungeon Crawl Stone Soup version 0.29.1-12-g30fa7ad0bf (webtiles) character file.

Game seed: 3952177669726916707

19 hawla the Chiller (level 3, -6/26 HPs)
             Began as a Meteoran Ice Elementalist on Jan 10, 2023.
             Mangled by a lemure (8 damage)
             ... led by Pikel
             ... on level 4 of the Dungeon.
             The game lasted 00:02:16 (219 turns).

hawla the Chiller (Meteoran Ice Elementalist)        Turns: 219, Time: 00:02:17

Health: -6/26      AC:  2    Str: 10    XL:     3   Next: 11%
Magic:  2/8        EV: 12    Int: 18    God:
Gold:   13         SH:  0    Dex: 14    Spells: 6/7 levels left

rFire   . . .      SeeInvis .   (no weapon)
rCold   . . .      Faith    .   (no shield)
rNeg    . . .      Spirit   .   a - +0 robe
rPois   .          Reflect  .   (no helmet)
rElec   .          Harm     .   (no cloak)
rCorr   .          Rampage  .   (no gloves)
Will    .....                   (no boots)
Stlth   +.........              (no amulet)
HPRegen 0.08/turn               (no ring)
MPRegen 0.11/turn               (no ring)

@: glowing
A: sense surroundings 1, otherworldly, glowing, explore regen
a: no special abilities


You were on level 4 of the Dungeon.
You visited 1 branch of the dungeon, and saw 4 of its levels.

You collected 37 gold pieces.
You spent 24 gold pieces at shops.

Inventory:

Armour
 a - a +0 robe (worn)
Scrolls
 c - a scroll of identify
Potions
 b - a potion of magic


   Skills:
 + Level 2.5 Dodging
 - Level 1.4 Stealth
 + Level 2.9 Spellcasting
 + Level 5.1 Ice Magic


You had 6 spell levels left.
You knew the following spells:

 Your Spells              Type           Power      Damage    Failure   Level
a - Freeze                Ice            84%        1d10      1%          1

Your spell library contained the following spells:

 Spells                   Type           Power      Damage    Failure   Level
 Frozen Ramparts          Ice            42%        1d7       6%          3
 Ozocubu's Armour         Ice            21%        N/A       6%          3
 Hailstorm                Conj/Ice       11%        3d5       50%         4


Dungeon Overview and Level Annotations

Branches:
Dungeon (4/15) Zot: 2180
 Temple: D:4-7

Altars:
Qazlal

Shops:
D:2 ?

Annotations:
D:4 Pikel


Innate Abilities, Weirdness & Mutations

You passively map a small area around you.
You are easily found by Zot.
You glow in the dark.
You regain HP and MP as you explore.


Message History

Confirm with . or Enter, or press ? or * to list all spells.
Aiming: Freeze (safe; 2% risk of failure)
Press: ? - help, Shift-Dir - straight line, f/p - adder
Aim: an adder (heavily wounded, slow)
You freeze the adder!
You kill the adder!
The lemure shouts!
The lemure closely misses you.
Your Ice Magic skill increases to level 5!
You have reached level 3!
Your experience leads to an increase in your attributes!
Increase (S)trength, (I)ntelligence, or (D)exterity?
You feel clever. x2; You feel stronger.
Casting: Freeze (safe; 1% risk of failure)
Confirm with . or Enter, or press ? or * to list all spells.
Aiming: Freeze (safe; 1% risk of failure)
Press: ? - help, Shift-Dir - straight line, f - lemure
Aim: a lemure You freeze the lemure!
The lemure is moderately wounded.
The lemure barely misses you. x2
The kobold hits you with a +0 short sword.
Okay, then.
Okay, then.
Casting: Freeze (safe; 1% risk of failure)
Confirm with . or Enter, or press ? or * to list all spells.
Aiming: Freeze (safe; 1% risk of failure)
Press: ? - help, Shift-Dir - straight line, f - kobold, p - lemure
Aim: a kobold, wielding a +0 short sword You freeze the kobold!
You kill the kobold!
The lemure hits you. x2
* * * LOW HITPOINT WARNING * * *
The lemure hits you.
* * * LOW HITPOINT WARNING * * *
A hobgoblin comes into view.
The lemure attacks as you move away! The lemure barely misses you.
You hear the slow rusting of a very distant drain.
The lemure hits you!
You die...

..g.. ,
,*#.###..########
#.5....<.......#
*
#..#........##.#
#........##.##.#
#.........K....#
,
......SK.#....#*
#.[....(.#55# ,
........?#5@# * ,
#..#.....#..# # *
#.....#..#.# *
#.#.<......# *
,########## , , ,
* ,, ,* *


You could see Pikel and 3 lemures.

Vanquished Creatures
  An adder (D:4)
  A worm (D:3)
  A giant cockroach (D:3)
  A quokka (D:2)
  A ball python (D:2)
  A frilled lizard (D:3)
  2 kobolds
  2 rats (D:2)
10 creatures vanquished.

Notes
Turn   | Place    | Note
-------+----------+-------------------------------------------
     0 | D:1      | hawla the Meteoran Ice Elementalist began the quest for the
                  | Orb.
     0 | D:1      | Reached XP level 1. HP: 14/14 MP: 5/5
    71 | D:2      | Found Ugueh's Magic Scroll Shoppe.
    91 | D:2      | Bought a scroll of identify for 24 gold pieces
   109 | D:3      | Reached XP level 2. HP: 20/20 MP: 4/6
   157 | D:3      | Found a stormy altar of Qazlal.
   169 | D:4      | Noticed Pikel
   169 | D:4      | Noticed a lemure
   169 | D:4      | Noticed a lemure
   169 | D:4      | Noticed a lemure
   170 | D:4      | Noticed a lemure
   217 | D:4      | Reached skill level 5 in Ice Magic
   217 | D:4      | Reached XP level 3. HP: 19/26 MP: 4/8
   219 | D:4      | Mangled by a lemure

Illustrated notes

Levels and vault maps discovered:
D:1:      co_arrival_two_rings, layout_basic, basic_ecumenical_altar,
          amethyst_killhole
D:2:      layout_loops_ring, serial_shops, nicolae_shop_advertising_works
          [nicolae_subvault_shop_adworks], minmay_statues_item
D:3:      layout_loops_corners, minitemple
D:4:      layout_basic, gup_sewer_entry_pipe, grunt_decor_junction, uniq_pikel,
          uniq_natasha

Skill      XL: |  1  2 |
---------------+-------+-----
Ice Magic      | 5 |  5.1
Dodging        | |  2.5
Stealth        | |  1.4
Spellcasting   | |  2.9

Action                   || total
-------------------------++-------
Melee: Unarmed           ||     1
 Cast: Freeze            ||    17
Armor: Robe              ||     1
Dodge: Dodged            ||    10
